AoeStats
← Jimbo990

MegaRandom

519349098Analyzed
4v4 RM · 9d ago on Nov 7, 2026· 57m 8s· 8 players
Game mode
Random Map
Map size
Large (8 player)
Population
200
Speed
Normal
Resources
Standard
Victory
Conquest
Starting age
Dark Age
Ending age
Imperial Age
RankedLock teamsTeams togetherTeam positionsShared explorationLock speedFull tech treeHidden civsTurbo modeCheats
Victory
Defeat
🇨🇳 Celts · China
786
+12
🇪🇸 Spanish · Spain
454
+22
🇪🇸 Khmer · Spain
442
+23
🇪🇸 Persians · Spain
414
+24
vs
🇵🇰 Khmer · Pakistan
672
-22
🇦🇷 Turks · Argentina
671
-22
🇬🇧 Persians · United Kingdom
620
-20
🇹🇷 Tatars · Türkiye
506
-17
Jimbo990
10:38 Feudal Age
12:55 Double-Bit Axe
19:29 Castle Age
17:23 Loom
19:24 Horse Collar
20:46 Bow Saw
33:31 Imperial Age
31:19 Pikeman
33:35 Caravan
35:10 Citadels
37:31 Sappers
43:15 Cavalier
46:32 Halberdier
46:45 Savar
49:45 Husbandry
49:56 Bloodlines
50:55 Scale Barding Armor
51:01 Forging
50:54 Murder Holes
50:50 Heavy Scorpion
51:02 Heavy Scorpion
:::METEHAN:::
7:31 Loom
12:10 Feudal Age
12:46 Double-Bit Axe
13:58 Horse Collar
15:08 Gold Mining
16:54 Wheelbarrow
16:05 Town Watch
20:49 Castle Age
21:30 Crossbowman
22:04 Fletching
22:15 Padded Archer Armor
24:45 Bow Saw
27:04 Stone Mining
27:49 Gold Shaft Mining
28:14 Leather Archer Armor
29:07 Heavy Plow
29:51 Ballistics
31:43 Hand Cart
31:28 Town Patrol
31:31 Bodkin Arrow
34:22 Silk Armor
38:23 Scale Barding Armor
38:19 Scale Mail Armor
38:30 Forging
38:32 Elite Skirmisher
41:45 Imperial Age
40:31 Arson
40:08 Pikeman
40:49 Squires
41:13 Chain Barding Armor
41:28 Iron Casting
41:52 Coinage
41:23 Caravan
43:33 Chemistry
42:14 Treadmill Crane
42:00 Heavy Cavalry Archer
43:07 Conscription
44:28 Guilds
44:49 Banking
IGBBMN
komailvidz
1:05 Loom
12:02 Feudal Age
13:30 Wheelbarrow
19:26 Castle Age
17:43 Stone Mining
19:15 Gold Mining
20:37 Hand Cart
20:08 Town Watch
20:54 Man-at-Arms
40:10 Town Patrol
41:12 Double-Bit Axe
44:15 Scale Barding Armor
44:11 Scale Mail Armor
44:21 Forging
44:22 Husbandry
50:08 Chain Barding Armor
50:04 Chain Mail Armor
50:25 Iron Casting
EG_Divine
11:20 Feudal Age
10:34 Loom
12:13 Double-Bit Axe
12:32 Horse Collar
13:48 Gold Mining
22:07 Castle Age
20:53 Stone Mining
21:15 Scale Barding Armor
22:44 Wheelbarrow
26:14 Bow Saw
33:35 Imperial Age
34:26 Heavy Plow
35:29 Two-Man Saw
38:09 Stone Shaft Mining
38:10 Gold Shaft Mining
39:33 Chemistry
39:34 Guilds
39:55 Coinage
44:52 Elite War Elephant
48:22 Hand Cart
47:53 Town Watch
48:52 Chain Barding Armor
48:47 Forging
48:38 Scale Mail Armor
48:39 Padded Archer Armor
48:30 Fletching
49:21 Kamandaran
El_Omi
2:37 Loom
12:33 Feudal Age
18:05 Castle Age
16:17 Horse Collar
17:41 Man-at-Arms
20:28 Heavy Plow
20:16 Double-Bit Axe
21:02 Gold Mining
23:21 Loom
24:12 Wheelbarrow
23:22 Town Watch
25:22 Squires
24:42 Long Swordsman
25:08 Gambesons
28:42 Husbandry
30:31 Elite Skirmisher
33:07 Hand Cart
33:12 Stone Mining
37:50 Town Patrol
43:23 Imperial Age
41:43 Bloodlines
40:58 Pikeman
43:26 Cavalier
44:16 Thumb Ring
44:27 Forging
44:17 Scale Mail Armor
48:00 Stone Shaft Mining
47:32 Scale Barding Armor
48:23 Conscription
49:44 Chain Barding Armor
49:25 Scale Mail Armor
52:27 Guard Tower
53:11 Arrowslits
54:03 Arson
56:00 Plate Barding Armor
55:41 Chain Mail Armor
56:02 Iron Casting
Nelsinho The Goat
11:40 Feudal Age
10:42 Loom
12:11 Horse Collar
12:37 Double-Bit Axe
16:34 Wheelbarrow
21:57 Castle Age
35:14 Pikeman
35:40 Arson
57:37 Bow Saw
Nick76Luo
11:08 Feudal Age
12:40 Town Watch
15:39 Castle Age
14:23 Double-Bit Axe
15:09 Horse Collar
16:41 Bow Saw
20:50 Heavy Plow
21:59 Fishing Lines
22:49 Gold Mining
23:32 Stone Mining
23:50 Gillnets
25:39 Stone Shaft Mining
25:46 Gold Shaft Mining
25:15 Loom
30:58 Wheelbarrow
32:56 Imperial Age
32:39 Hand Cart
32:31 Town Patrol
32:24 Stronghold
33:11 Capped Ram
33:20 Onager
35:04 Fletching
37:38 Siege Ram
38:38 Siege Onager
38:40 Heavy Scorpion
41:07 Bodkin Arrow
41:22 Forging
41:13 Scale Mail Armor
40:53 Pikeman
41:18 Arson
41:55 Halberdier
43:45 Iron Casting
47:12 Blast Furnace
46:27 Chain Mail Armor
46:24 Furor Celtica
46:35 Conscription
52:48 Hoardings
Connection lost

Rejoining the realm…

Still unreachable

The connection could not be restored.

Session expired

The server has moved on; the page needs a fresh start.